 Dungeon Sprint DCSS version 0.27-a0-1434-g6f15984924 (webtiles) character file.

Game seed: 18211004991097249773

4645397 mhtbhm the Axe Maniac (level 22, 256/256 HPs)
             Began as a Minotaur Fighter on July 2, 2021.
             Was the Champion of Trog.
             Escaped with the Orb
             ... and 3 runes on July 3, 2021!
             The game lasted 00:44:00 (14304 turns).

mhtbhm the Axe Maniac (Minotaur Fighter)           Turns: 14304, Time: 00:44:00

Health: 256/256    AC: 52    Str: 33    XL:     22   Next: 93%
Magic:  21/21      EV: 25    Int:  7    God:    Trog [******]
Gold:   179        SH: 37    Dex: 22    Spells: 21/21 levels left

rFire    + + +     SeeInvis +   a - +9 broad axe of Objectivity {vorpal, rElec rPois Will-}
rCold    + + .     Faith    +   c - +8 tower shield
rNeg     + + .     Spirit   +   b - +12 gold dragon scales
rPois    +         Reflect  .   N - +2 hat of the Bear Spirit {Spirit, +Rage rN+ Will++}
rElec    +         Harm     .   q - +2 cloak of Saroubim {rF+++ Dex+3}
rCorr    .         Rampage  .   R - +2 pair of gloves
Will     ++++.     NoTele   +   w - +1 pair of boots
Stlth    +.........             H - amulet "Oriutsom" {Faith Will++ Regen+ Dex+2}
HPRegen  1.52/turn              M - ring of Gozag's Esteem {rElec rF+ Str+2 Slay+5}
MPRegen  0.17/turn              V - ring "Zoir" {rC+ rN+ Dex+7 SInv Stlth-}

@: no status effects
A: horns 2, retaliatory headbutt, clever 1, robust 1, subdued magic 1
0: Orb of Zot
}: 3/3 runes: silver, golden, iron
a: Renounce Religion, Evoke Berserk Rage, Berserk, Trog's Hand, Brothers in Arms


You escaped.
You worshipped Trog.
Trog was exalted by your worship.
You visited 1 branch You collected 179 gold pieces.

Inventory:

Hand Weapons
 a - the +9 broad axe of Objectivity (weapon) {vorpal, rElec rPois Will-}
   (Trog gifted it to you in the Dungeon)

   It inflicts extra damage upon your enemies.
   rElec:     It insulates you from electricity.
   rPois:     It protects you from poison.
   Will:      It decreases your willpower.
 m - the +8 mithril axe "Arga" {speed, Will+}
   (You found it in the Dungeon)

   Attacks with this weapon are significantly faster.
   Will:      It increases your willpower.
 p - the +7 sceptre of Asmodeus
   (You took it off Asmodeus in the Dungeon)
 E - a +9 eudemon blade of holy wrath
Missiles
 Q - a throwing net (quivered)
Armour
 b - +12 gold dragon scales (worn)
 c - a +8 tower shield (worn)
 q - the +2 cloak of Saroubim (worn) {rF+++ Dex+3}
   (You found it in the Dungeon)

   Dex:       It affects your dexterity (+3).
   rF:        It renders you almost immune to fire.
 w - a +1 pair of boots (worn)
 N - the +2 hat of the Bear Spirit (worn) {Spirit, +Rage rN+ Will++}
   (You found it in the Dungeon)

   rN:        It protects you from negative energy.
   +Rage:     It lets you go berserk.
   Will:      It greatly increases your willpower.
 R - a +2 pair of gloves (worn)
Jewellery
 n - the ring "Anadaa" {rPois Will++ Str+2 Dex+2 Stlth+}
   (You found it in the Dungeon)

   [ring of poison resistance]

   Str:       It affects your strength (+2).
   Dex:       It affects your dexterity (+2).
   rPois:     It protects you from poison.
   Will:      It greatly increases your willpower.
   Stlth:     It makes you more stealthy.
 y - the ring of Jisadiub {Fly rC+ Will+++ MP+9 Stlth-}
   (You found it in the Dungeon)

   [ring of flight]

   rC:        It protects you from cold.
   MP:        It affects your magic capacity (+9).
   Fly:       It grants you flight.
   Will:      It greatly increases your willpower.
   Stlth:     It makes you less stealthy.
 G - the ring "Atutouroic" {Contam rElec rPois rCorr SInv}
   (You found it in the Dungeon)

   [ring of see invisible]

   rElec:     It insulates you from electricity.
   rPois:     It protects you from poison.
   SInv:      It lets you see invisible.
   Contam:    It causes magical contamination when unequipped.
   rCorr:     It protects you from acid and corrosion.
 H - the amulet "Oriutsom" (around neck) {Faith Will++ Regen+ Dex+2}
   (You found it in the Dungeon)

   [amulet of faith]

   It allows you to gain divine favour quickly.
   Dex:       It affects your dexterity (+2).
   Regen:     It increases your rate of health regeneration.
   Will:      It greatly increases your willpower.
 I - the ring "Cyucef" {+Blink rN+ rCorr Str-2 Int+6}
   (You found it in the Dungeon)

   [ring of intelligence]

   Str:       It affects your strength (-2).
   Int:       It affects your intelligence (+6).
   rN:        It protects you from negative energy.
   +Blink:    It lets you blink.
   rCorr:     It protects you from acid and corrosion.
 L - the ring "Yletav" {rC+ rN++ Str-3 Int-3 Dex+9}
   (You found it in the Dungeon)

   [ring of protection from cold]

   Str:       It affects your strength (-3).
   Int:       It affects your intelligence (-3).
   Dex:       It affects your dexterity (+9).
   rC:        It protects you from cold.
   rN:        It greatly protects you from negative energy.
 M - the ring of Gozag's Esteem (left hand) {rElec rF+ Str+2 Slay+5}
   (You found it in the Dungeon)

   [ring of slaying]

   Str:       It affects your strength (+2).
   Slay:      It affects your accuracy & damage with ranged weapons and melee
   (+5).
   rF:        It protects you from fire.
   rElec:     It insulates you from electricity.
 V - the ring "Zoir" (right hand) {rC+ rN+ Dex+7 SInv Stlth-}
   (You found it in the Dungeon)

   [ring of protection from cold]

   Dex:       It affects your dexterity (+7).
   rC:        It protects you from cold.
   rN:        It protects you from negative energy.
   SInv:      It lets you see invisible.
   Stlth:     It makes you less stealthy.
Wands
 l - a wand of flame (11)
 x - a wand of iceblast (9)
Scrolls
 j - a scroll of blinking
 t - 3 scrolls of enchant weapon
 u - 9 scrolls of identify
 D - a scroll of silence
Potions
 d - 4 potions of might
 e - 11 potions of curing
 f - 19 potions of heal wounds
 g - 9 potions of haste
 h - 9 potions of magic
 i - 5 potions of berserk rage
 k - a potion of invisibility
 o - 4 potions of mutation
 s - 2 potions of cancellation
 z - a potion of attraction
 A - a potion of resistance
 C - a potion of flight
Miscellaneous
 r - a condenser vane
 B - a phantom mirror
 F - the horn of Geryon
 J - a box of beasts


   Skills:
 O Level 27 Fighting
 O Level 27 Long Blades
 O Level 27 Axes
 O Level 27 Maces & Flails
 + Level 23.3(27) Polearms
 + Level 23.2(27) Staves
 + Level 21.7(27) Slings
 O Level 27 Throwing
 O Level 27 Armour
 O Level 27 Dodging
 O Level 27 Stealth
 O Level 27 Shields
 + Level 21.7 Unarmed Combat
 O Level 27 Evocations


You had 21 spell levels left.
You didn't know any spells.
Your spell library was empty.

Dungeon Overview and Level Annotations

Branches:
Dungeon (1/1)

Altars:
Ashenzari
Cheibriados
Dithmenos
Elyvilon
Fedhas
Gozag
Hepliaklqana
Kikubaaqudgha
Makhleb
Nemelex Xobeh
Okawaru
Qazlal
Ru
Sif Muna
Trog
Uskayaw
Vehumet
Wu Jian
Xom
Yredelemnul
Zin
The Shining One
Beogh
Jiyva
Lugonu


Innate Abilities, Weirdness & Mutations

You have a pair of horns on your head.
You reflexively headbutt those who attack you in melee.
Your mind is acute. (Int +2)
You are robust. (+10% HP)
Your spells are a little easier to cast, but a little less powerful.


Message History

You see here a +4 broad axe of flaming.
You start waiting.
A smoke demon comes into view.
The smoke demon gestures at you. Something smites you!
Things that are here:
a +2 demon blade of draining; a +0 chain mail; a torturous demonspawn corpse The smoke demon gestures at you.
The sticky flame misses you.
There is a staircase leading out of the dungeon here.
You chop the smoke demon into pieces!!!
You kill the smoke demon!
Trog accepts your kill.
No target in view!
No target in view!
No target in view!
No target in view!
No target in view!
No target in view!
No target in view!
No target in view!
No target in view!
No target in view!
Things that are here:
a +2 demon blade of draining; a +0 chain mail; a torturous demonspawn corpse You see here a +4 broad axe of flaming.
There is an open door to the Entrance Hall (Safe), spattered with blood here.
Things that are here:
a +0 chain mail; a monstrous demonspawn skeleton You see here a +3 scimitar.
You start resting.
HP restored.
There is an open door to the Entrance Hall (Safe), spattered with blood here.
Things that are here:
a +0 chain mail; a monstrous demonspawn skeleton You see here a +4 broad axe of flaming.
Things that are here:
a +2 demon blade of draining; a +0 chain mail; a torturous demonspawn corpse
There is a staircase leading out of the dungeon here.
You can't go down here!
You have escaped!

##########.##.....)..........''..
#...........')...............''..
#'#####'#####......#..#......##..
#.#..#...).##...)............##..
#.#))#####)#####[#####)'#########
#.#))#.....##...)...##''# ######
#.#))#.....##.......##..# *#)....
#.#.[###†####...)...##..#*#..#'#.
#.##'#.....##)..@...##..##..##.##
#.#........##.......##..##.##...#
#.#........##.......##..####.....
#'###########.......##...##......
#....)..#..###########....=))....
#..#.#..#.############...##......
#.##.##.#.#....#...[##..####.....
#.......#'#....#..[.##..##.##...#
#.##.##.#.')...'..))##..##..##.##


There were no monsters in sight!

Vanquished Creatures
  Antaeus (D)
  Asmodeus (D)
  Dissolution (D)
  Ignacio (D)
  A seraph (D)
  An orb of fire (D)
  7 ancient liches (D)
  Mara (D)
  Mennas (D)
  2 royal mummies (D)
  Boris (D)
  Frederick (D)
  2 Killer Klowns (D)
  Xtahua (D)
  3 curse toes (D)
  7 pandemonium lords (D)
  Geryon (D)
  3 profane servitors (D)
  Jory (D)
  6 bone dragons (D)
  3 golden dragons (D)
  Nikola (D)
  3 pearl dragons (D)
  3 Tzitzimimeh (D)
  2 Brimstone Fiends (D)
  A hellephant (D)
  5 electric golems (D)
  A tentacled monstrosity (D)
  24 Orb Guardians (D)
  2 Ice Fiends (D)
  14 liches (D)
  A deep elf blademaster (D)
  Murray (D)
  4 Hell Sentinels (D)
  A quicksilver dragon (D)
  5 titans (D)
  2 Executioners (D)
  5 deep elf master archers (D)
  3 acid blobs (D)
  Frances (D)
  2 storm dragons (D)
  A sphinx (D)
  A death cob (D)
  2 shadow dragons (D)
  2 daevas (D)
  A nagaraja (D)
  2 iron dragons (D)
  2 draconian monks (D)
  3 fire giants (D)
  An azure jelly (D)
  2 draconian knights (D)
  2 rockslimes (D)
  3 deep elf sorcerers (D)
  20 orc warlords (D)
  A cacodemon (D)
  An emperor scorpion (D)
  5 balrugs (D)
  A draconian shifter (D)
  2 angels (D)
  Louise (D)
  4 ghouls (D)
  3 reapers (D)
  2 draconian annihilators (D)
  A draconian stormcaller (D)
  A war gargoyle (D)
  2 spriggan defenders (D)
  An ophan (D)
  2 stone giants (D)
  4 vampire knights (D)
  4 green draconians (D)
  3 deep elf annihilators (D)
  An apis (D)
  3 deep elf demonologists (D)
  4 purple draconians (D)
  A yellow draconian (D)
  3 lorocyprocas (D)
  2 dire elephants (D)
  4 white draconians (D)
  A red draconian (D)
  5 blizzard demons (D)
  A deep elf death mage (D)
  An eidolon (D)
  3 green deaths (D)
  A fire dragon (D)
  7 mummy priests (D)
  2 ettins (D)
  2 great orbs of eyes (D)
  3 deep elf high priests (D)
  A hydra (D)
  3 hell beasts (D)
  2 rakshasas (D)
  A yaktaur captain (D)
  3 vault guards (D)
  A monstrous demonspawn (D)
  2 ice dragons (D)
  An ogre mage (D)
  2 naga warriors (D)
  2 spriggan air magi (D)
  A centaur warrior (D)
  A merfolk avatar (D)
  A two-headed ogre (shapeshifter) (D)
  2 vampire magi (D)
  A spriggan berserker (D)
  5 orc high priests (D)
  13 hell knights (D)
  2 sun demons (D)
  2 deep elf knights (D)
  A sixfirhy (D)
  A soul eater (D)
  2 iron trolls (D)
  2 fire crabs (D)
  9 skeletal warriors (D)
  A shadow demon (D)
  A sea snake (D)
  2 cherubim (D)
  A deep troll (D)
  A torturous demonspawn (D)
  A wizard (D)
  3 bog bodies (D)
  5 lindwurms (D)
  A harpy (shapeshifter) (D)
  A deep elf pyromancer (D)
  A necromancer (D)
  18 orc knights (D)
  2 deep elf archers (D)
  An ugly thing (D)
  A deep elf zephyrmancer (D)
  7 orc sorcerers (D)
  A wolf spider (D)
  2 manticores (D)
  An elephant (D)
  A naga mage (D)
  2 gargoyles (D)
  2 smoke demons (D)
  2 kobold demonologists (D)
  An orange demon (D)
  A rime drake (D)
  3 freezing wraiths (D)
  An efreet (D)
  12 guardian mummies (D)
  5 yaktaurs (D)
  4 hellions (D)
  3 tormentors (D)
  3 ice devils (D)
  A wandering mushroom (D)
  2 demonic crawlers (D)
  3 red devils (D)
  A wind drake (D)
  10 slime creatures (D)
  A polar bear (D)
  A redback (D)
  A shadow (D)
  Sigmund (D)
  2 ynoxinuls (D)
  A wyvern (D)
  A fire elemental (D)
  A vampire (D)
  A fire bat (D)
  A chaos spawn (D)
  A golden eye (D)
  6 vampire mosquitoes (D)
  A steam dragon (D)
  A warg (D)
  4 nagas (D)
  2 water moccasins (D)
  2 large abominations (D)
  14 orc warriors (D)
  2 black bears (D)
  3 sky beasts (D)
  4 necrophages (D)
  An ogre (D)
  A wolf (D)
  3 scorpions (D)
  6 killer bees (D)
  A crimson imp (D)
  A quasit (D)
  A gnoll shaman (D)
  A hell rat (D)
  A mummy (D)
  3 gnolls (D)
  An adder skeleton (D)
  3 adder zombies (D)
  3 adder simulacra (D)
  6 orcs (D)
  A bat (D)
  3 bat skeletons (D)
  3 bat zombies (D)
  An endoplasm (D)
  A giant cockroach (D)
  4 jackals (D)
  3 kobolds (D)
  A quokka (D)
  A ball python (D)
  A ball python simulacrum (D)
  5 ball python skeletons (D)
  2 ball python zombies (D)
  2 bat simulacra (D)
  2 frilled lizards (D)
  A giant cockroach simulacrum (D)
  A jackal simulacrum (D)
  3 jackal skeletons (D)
  3 jackal zombies (D)
  2 quokka simulacra (D)
  A quokka skeleton (D)
  3 quokka zombies (D)
547 creatures vanquished.

Vanquished Creatures (collateral kills)
  An ancient lich (D)
  A profane servitor (D)
  3 Orb Guardians (D)
  A sphinx (D)
  7 orc warlords (D)
  A vampire knight (D)
  A black draconian (D)
  3 yaktaur captains (D)
  2 vault guards (D)
  A hydra (D)
  An ice dragon (D)
  A hell knight (D)
  A deep elf knight (D)
  A fire crab (D)
  5 orc knights (D)
  An ice devil (D)
  An efreet (D)
  3 yaktaurs (D)
  A wandering mushroom (D)
  An air elemental (D)
  Eustachio (D)
38 creatures vanquished.

Vanquished Creatures (others)
  An eldritch tentacle (D)
  A deep troll shaman (D)
  A deep troll (D)
  2 yaktaurs (D)
  A golden eye (D)
6 creatures vanquished.

Grand Total: 591 creatures vanquished

Notes
Turn   | Place    | Note
-------+----------+-------------------------------------------
     0 | D        | mhtbhm the Minotaur Fighter began the quest for the Orb.
     0 | D        | Reached XP level 1. HP: 19/19 MP: 0/0
    50 | D        | Found a bloodstained altar of Trog.
    50 | D        | Found a shimmering blue altar of Sif Muna.
    50 | D        | Found a viscous altar of Jiyva.
    50 | D        | Found a hazy altar of Hepliaklqana.
    50 | D        | Found an opulent altar of Gozag.
    51 | D        | Found a glowing golden altar of the Shining One.
    51 | D        | Found a glowing silver altar of Zin.
    51 | D        | Found a basalt altar of Yredelemnul.
    51 | D        | Found a shimmering altar of Xom.
    51 | D        | Found an ornate altar of the Wu Jian Council.
    51 | D        | Found a sacrificial altar of Ru.
    51 | D        | Found a stormy altar of Qazlal.
    51 | D        | Found an iron altar of Okawaru.
    51 | D        | Found a sparkling altar of Nemelex Xobeh.
    51 | D        | Found a burning altar of Makhleb.
    51 | D        | Found a blossoming altar of Fedhas.
    51 | D        | Found a white marble altar of Elyvilon.
    51 | D        | Found a shadowy altar of Dithmenos.
    51 | D        | Found a snail-covered altar of Cheibriados.
    53 | D        | Found a radiant altar of Vehumet.
    53 | D        | Found a corrupted altar of Lugonu.
    55 | D        | Became a worshipper of Trog the Wrathful
   137 | D        | Reached * piety under Trog
   245 | D        | Noticed a scorpion
   245 | D        | Noticed a scorpion
   250 | D        | Killed a scorpion
   251 | D        | Reached skill level 5 in Fighting
   251 | D        | Reached XP level 2. HP: 30/30 MP: 1/1
   251 | D        | Reached XP level 3. HP: 37/37 MP: 2/2
   252 | D        | Reached ** piety under Trog
   254 | D        | Reached XP level 4. HP: 44/44 MP: 3/3
   254 | D        | Killed a scorpion
   255 | D        | Reached skill level 5 in Axes
   255 | D        | Reached skill level 1 in Dodging
   363 | D        | Noticed Sigmund
   363 | D        | Noticed a water moccasin
   365 | D        | Noticed a sky beast
   370 | D        | Killed Sigmund
   370 | D        | Reached *** piety under Trog
   370 | D        | Killed a water moccasin
   370 | D        | Killed a sky beast
   371 | D        | Reached skill level 10 in Armour
   371 | D        | Reached XP level 5. HP: 57/57 MP: 4/4
   371 | D        | Reached XP level 6. HP: 64/64 MP: 5/5
   378 | D        | Reached **** piety under Trog
   484 | D        | Reached XP level 7. HP: 57/71 MP: 6/6
   551 | D        | Noticed a demonic crawler
   567 | D        | Killed a demonic crawler
   568 | D        | Reached skill level 10 in Fighting
   568 | D        | Reached skill level 10 in Shields
   735 | D        | Noticed a fire bat
   739 | D        | Killed a fire bat
   740 | D        | Reached skill level 10 in Axes
   741 | D        | Reached ***** piety under Trog
   753 | D        | Reached XP level 8. HP: 76/80 MP: 7/7
   770 | D        | Noticed an orc sorcerer
   780 | D        | Noticed a hellwing
   780 | D        | Killed an orc sorcerer
   941 | D        | Found a hide-covered altar of Uskayaw.
   941 | D        | Found an ancient bone altar of Kikubaaqudgha.
   941 | D        | Found a broken altar of Ashenzari.
   964 | D        | Noticed a lindwurm
   967 | D        | Received a gift from Trog
   976 | D        | Killed a lindwurm
   977 | D        | Reached XP level 9. HP: 58/89 MP: 8/8
  1125 | D        | Reached ****** piety under Trog
  1125 | D        | Received a gift from Trog
  1176 | D        | Noticed an orc sorcerer
  1176 | D        | Noticed an ice devil
  1179 | D        | Killed an orc sorcerer
  1180 | D        | Reached skill level 5 in Dodging
  1182 | D        | Killed an ice devil
  1265 | D        | Noticed a smoke demon
  1265 | D        | Noticed a guardian mummy
  1271 | D        | Received a gift from Trog
  1276 | D        | Killed a guardian mummy
  1278 | D        | Killed a smoke demon
  1279 | D        | Reached XP level 10. HP: 100/100 MP: 9/9
  1352 | D        | Noticed a lindwurm
  1371 | D        | Killed a lindwurm
  1372 | D        | Reached skill level 15 in Axes
  1584 | D        | Received a gift from Trog
  1694 | D        | Noticed a gargoyle
  1704 | D        | Killed a gargoyle
  1809 | D        | Noticed a ghoul
  1809 | D        | Noticed a bog body
  1809 | D        | Noticed a ghoul
  1810 | D        | Noticed a manticore
  1815 | D        | Killed a bog body
  1818 | D        | Killed a manticore
  1820 | D        | Killed a ghoul
  1820 | D        | Received a gift from Trog
  1821 | D        | Reached skill level 15 in Armour
  1821 | D        | Reached XP level 11. HP: 111/111 MP: 10/10
  1822 | D        | Killed a ghoul
  1972 | D        | Noticed Eustachio
  1974 | D        | Noticed a fire crab
  1978 | D        | Received a gift from Trog
  1979 | D        | Reached skill level 15 in Fighting
  1981 | D        | Reached skill level 15 in Shields
  1984 | D        | Killed Eustachio
  1987 | D        | Received a gift from Trog
  1987 | D        | Killed a fire crab
  2246 | D        | Noticed a lindwurm
  2255 | D        | Killed a lindwurm
  2303 | D        | Noticed a bog body
  2303 | D        | Noticed a fire crab
  2303 | D        | Noticed a lindwurm
  2307 | D        | Killed a lindwurm
  2307 | D        | Identified the +9 broad axe of Objectivity {vorpal, rElec
                  | rPois Will-} (Trog gifted it to you in the Dungeon)
  2307 | D        | Received a gift from Trog
  2310 | D        | Killed a fire crab
  2313 | D        | Killed a bog body
  2362 | D        | Noticed an eidolon
  2370 | D        | Killed an eidolon
  2390 | D        | Noticed an eight-headed hydra
  2396 | D        | Received a gift from Trog
  2397 | D        | Killed an 11-headed hydra
  2452 | D        | Reached XP level 12. HP: 124/124 MP: 11/11
  2760 | D        | Noticed an iron dragon
  2773 | D        | Killed an iron dragon
  2816 | D        | Noticed an ophan
  2825 | D        | Killed an ophan
  2825 | D        | Received a gift from Trog
  2950 | D        | Noticed an Ice Fiend
  2956 | D        | Killed an Ice Fiend
  3307 | D        | Noticed a deep elf annihilator
  3308 | D        | Found the +5 robe of Night {Dark Will+ SInv}
  3308 | D        | Found the +8 mithril axe "Arga" {speed, Will+}
  3308 | D        | Identified the +2 robe of the Black Moon {Int+4}
  3308 | D        | Noticed a balrug
  3320 | D        | Killed a balrug
  3326 | D        | Killed a deep elf annihilator
  3326 | D        | Received a gift from Trog
  3542 | D        | Noticed a centaur warrior
  3552 | D        | Noticed a vault guard
  3553 | D        | Noticed a spriggan defender
  3554 | D        | Killed a centaur warrior
  3558 | D        | Received a gift from Trog
  3560 | D        | Killed a vault guard
  3564 | D        | Killed a spriggan defender
  3564 | D        | Noticed a rakshasa
  3565 | D        | Reached XP level 13. HP: 137/137 MP: 12/12
  3578 | D        | Received a gift from Trog
  3597 | D        | Received a gift from Trog
  3612 | D        | Received a gift from Trog
  3737 | D        | Noticed an Ice Fiend
  3741 | D        | Killed an Ice Fiend
  3811 | D        | Noticed a Hell Sentinel
  3816 | D        | Killed a Hell Sentinel
  3898 | D        | Noticed a war gargoyle
  3902 | D        | Killed a war gargoyle
  3992 | D        | Noticed a vampire knight
  3994 | D        | Noticed an orc warlord
  3994 | D        | Noticed an orc warlord
  3996 | D        | Paralysed by an air elemental for 1 turns
  3997 | D        | Killed a vampire knight
  3999 | D        | Received a gift from Trog
  4011 | D        | Killed an orc warlord
  4012 | D        | Reached skill level 1 in Stealth
  4018 | D        | Received a gift from Trog
  4019 | D        | Reached XP level 14. HP: 43/154 MP: 13/13
  4019 | D        | HP: 5/154 [orc knight (32)]
  4027 | D        | Killed an orc warlord
  4029 | D        | Received a gift from Trog
  4222 | D        | Received a gift from Trog
  4561 | D        | Noticed an acid blob
  4561 | D        | Noticed a Hell Sentinel
  4570 | D        | Killed an acid blob
  4571 | D        | Reached skill level 5 in Stealth
  4579 | D        | Killed a Hell Sentinel
  4584 | D        | Received a gift from Trog
  4891 | D        | Noticed a pearl dragon
  4902 | D        | Killed a pearl dragon
  4934 | D        | Noticed Mennas
  4990 | D        | Killed Mennas
  4990 | D        | Received a gift from Trog
  5141 | D        | Noticed a balrug
  5145 | D        | Killed a balrug
  5194 | D        | Noticed an acid blob
  5198 | D        | Killed an acid blob
  5345 | D        | Noticed an Executioner
  5354 | D        | Killed an Executioner
  5570 | D        | Noticed a storm dragon
  5585 | D        | Killed a storm dragon
  5626 | D        | Noticed a reaper
  5635 | D        | Killed a reaper
  5636 | D        | Reached XP level 15. HP: 145/166 MP: 14/14
  5637 | D        | Noticed a fire giant
  5642 | D        | Killed a fire giant
  5642 | D        | Received a gift from Trog
  5720 | D        | Noticed an azure jelly
  5724 | D        | Killed an azure jelly
  5865 | D        | Noticed Ydouhuon the pandemonium lord
  5882 | D        | Noticed an Executioner
  5882 | D        | Killed Ydouhuon the pandemonium lord
  6105 | D        | Noticed an orc warlord
  6112 | D        | Killed an orc warlord
  6112 | D        | Received a gift from Trog
  6117 | D        | Noticed a Tzitzimitl
  6124 | D        | Killed a Tzitzimitl
  6442 | D        | Noticed Mara
  6453 | D        | Killed Mara
  6454 | D        | Reached skill level 10 in Dodging
  6491 | D        | Noticed a deep elf master archer
  6495 | D        | Killed a deep elf master archer
  6645 | D        | Noticed a deep elf master archer
  6647 | D        | Killed a deep elf master archer
  6650 | D        | Noticed a purple draconian monk
  6660 | D        | Killed a purple draconian monk
  6760 | D        | Noticed an electric golem
  6768 | D        | Killed an electric golem
  6768 | D        | Received a gift from Trog
  6820 | D        | Noticed Boris
  6828 | D        | Killed Boris
  7020 | D        | Reached skill level 27 in Axes
  7056 | D        | Noticed a pearl dragon
  7065 | D        | Killed a pearl dragon
  7298 | D        | Received a gift from Trog
  7367 | D        | Noticed Dissolution
  7380 | D        | Killed Dissolution
  7381 | D        | Reached XP level 16. HP: 181/181 MP: 15/15
  7429 | D        | Noticed a titan
  7436 | D        | Killed a titan
  7596 | D        | Reached skill level 15 in Dodging
  7653 | D        | Noticed a lich
  7657 | D        | Killed a lich
  7658 | D        | Reached skill level 27 in Shields
  7782 | D        | Noticed a Tzitzimitl
  7789 | D        | Killed a Tzitzimitl
  7789 | D        | Received a gift from Trog
  7868 | D        | Reached skill level 27 in Fighting
  7979 | D        | Noticed Geryon
  7990 | D        | Killed Geryon
  8131 | D        | Noticed an acid blob
  8134 | D        | Killed an acid blob
  8161 | D        | Noticed a black draconian monk
  8165 | D        | Killed a black draconian monk
  8186 | D        | Noticed Rymi the pandemonium lord
  8201 | D        | Killed Rymi the pandemonium lord
  8201 | D        | Received a gift from Trog
  8202 | D        | Reached skill level 5 in Evocations
  8245 | D        | Noticed Feamm the pandemonium lord
  8248 | D        | Noticed a Brimstone Fiend
  8255 | D        | Killed Feamm the pandemonium lord
  8476 | D        | Noticed a Killer Klown
  8485 | D        | Killed a Killer Klown
  8492 | D        | Noticed a pearl dragon
  8496 | D        | Killed a pearl dragon
  8560 | D        | Noticed an Executioner
  8569 | D        | Killed an Executioner
  8583 | D        | Noticed an ancient lich
  8586 | D        | Killed an ancient lich
  8587 | D        | Reached skill level 10 in Evocations
  8685 | D        | Received a gift from Trog
  8772 | D        | Noticed a titan
  8772 | D        | Noticed an orb of fire
  8781 | D        | Gained mutation: Your body sometimes deteriorates upon
                  | taking damage. [an orb of fire]
  8784 | D        | Killed an orb of fire
  8785 | D        | Reached XP level 17. HP: 191/191 MP: 16/16
  8790 | D        | Killed a titan
  8948 | D        | Noticed an ancient lich
  8956 | D        | Killed an ancient lich
  8957 | D        | Reached skill level 27 in Armour
  8966 | D        | Received a gift from Trog
  9049 | D        | Noticed Murray
  9065 | D        | Killed Murray
  9066 | D        | Reached skill level 1 in Long Blades
  9149 | D        | Noticed a titan
  9156 | D        | Killed a titan
  9157 | D        | Reached skill level 1 in Maces & Flails
  9157 | D        | Reached skill level 1 in Polearms
  9180 | D        | Got the ring of Daaty {Contam rF+ Str+2 Int+6 SInv}
  9182 | D        | Got the ring of Megalomania {Wiz Will+}
  9199 | D        | Got the amulet of Xom's Sleight of Hands {Acrobat rN+
                  | Stlth+}
  9201 | D        | Got an iron rune of Zot
  9204 | D        | Got the ring of the Devil's Advocate {Will+ Int+6}
  9206 | D        | Got the ring "Toczur" {rN+ rCorr Int+4}
  9209 | D        | Got the ring of Suseireur {AC+4 Int+4 SInv}
  9212 | D        | Got the ring of Interdependent Arising {rF+ rN+ Str+2
                  | Dex-2}
  9215 | D        | Got the ring "Ikuel" {rF+++ rC- Will+ Int-4 Stlth+}
  9219 | D        | Got the ring of Urune {Fire Will- Str+2 Dex+3}
  9383 | D        | Upgraded the game from 0.27-a0-1431-gcffa5a9b16 to
                  | 0.27-a0-1434-g6f15984924
  9387 | D        | Received a gift from Trog
  9500 | D        | Noticed a lich
  9500 | D        | Noticed a lich
  9505 | D        | Reached skill level 1 in Throwing
  9505 | D        | Killed a lich
  9505 | D        | Received a gift from Trog
  9511 | D        | Noticed a profane servitor
  9512 | D        | Reached skill level 15 in Evocations
  9517 | D        | Received a gift from Trog
  9520 | D        | Killed a lich
  9522 | D        | Received a gift from Trog
  9522 | D        | Noticed a lich
  9525 | D        | Killed a profane servitor
  9533 | D        | Killed a lich
  9539 | D        | Received a gift from Trog
  9683 | D        | Received a gift from Trog
  9748 | D        | Got the ring "Anadaa" {rPois Will++ Str+2 Dex+2 Stlth+}
  9750 | D        | Got the ring of Jisadiub {Fly rC+ Will+++ MP+9 Stlth-}
  9753 | D        | Got the ring "Fadunut" {Fire rPois Str+2}
  9755 | D        | Got the ring of Wyadegar {Fly rC- Will+ Stlth+}
  9759 | D        | Got the ring of Vebi {Fire Fly rElec rN+}
  9761 | D        | Got the ring of New Discoveries {rF- rC+ Dex+4}
  9765 | D        | Got the ring "Ikeitt" {rF+ Str-3 Int+4}
  9767 | D        | Got the ring of Guhosoawke {Fire Stlth+}
  9769 | D        | Got the ring "Xogax" {rN+ Str+5}
  9771 | D        | Got the ring "Nupyuruq" {rPois rN+ rCorr Slay+2}
  9773 | D        | Got the ring of Syndicalism {rC+ Will+}
  9777 | D        | Got the amulet "Jeunu" {Acrobat Dex+6 Stlth+}
  9779 | D        | Got the amulet "Qoatib" {RegenMP rPois Int+3}
  9781 | D        | Got the ring "Zoir" {rC+ rN+ Dex+7 SInv Stlth-}
  9783 | D        | Got the amulet of Puecuvoe {Faith Fragile rElec Str+4}
  9785 | D        | Got the ring "Peunagh" {Str+6 Dex+4 SInv}
  9787 | D        | Got the ring of Sunlight {rF+ Str+6}
  9791 | D        | Got the ring of Emihyvivoa {Contam Fly Str+5 Int+4 SInv}
  9805 | D        | Got the amulet of Taozxeul {RegenMP Dex+2}
  9807 | D        | Got the ring of Gozag's Esteem {rElec rF+ Str+2 Slay+5}
  9809 | D        | Got the ring "Gaugh" {Ice +Blink rPois rN+ Slay+3}
  9813 | D        | Got the ring "Icuxar" {rPois rC+ Str+2}
  9815 | D        | Got the ring of Neasm {rF+ Int+3}
  9908 | D        | Lost mutation: Your body sometimes deteriorates upon taking
                  | damage. [potion of mutation]
  9908 | D        | Gained mutation: Your spells are a little easier to cast,
                  | but a little less powerful. [potion of mutation]
  9908 | D        | Gained mutation: You are robust. (+10% HP) [potion of
                  | mutation]
  9908 | D        | Gained mutation: Your mind is acute. (Int +2) [potion of
                  | mutation]
 10120 | D        | Received a gift from Trog
 10147 | D        | Received a gift from Trog
 10176 | D        | Noticed Louise
 10177 | D        | Noticed a titan
 10183 | D        | Killed Louise
 10186 | D        | Killed a titan
 10187 | D        | Reached XP level 18. HP: 212/220 MP: 17/17
 10331 | D        | Noticed a profane servitor
 10345 | D        | Killed a profane servitor
 10346 | D        | Received a gift from Trog
 10379 | D        | Reached skill level 27 in Dodging
 10392 | D        | Got the +2 cloak of Saroubim {rF+++ Dex+3}
 10425 | D        | Reached skill level 5 in Long Blades
 10427 | D        | Received a gift from Trog
 10428 | D        | Reached skill level 5 in Maces & Flails
 10485 | D        | Noticed a Tzitzimitl
 10494 | D        | Killed a Tzitzimitl
 10494 | D        | Received a gift from Trog
 10750 | D        | Received a gift from Trog
 10818 | D        | Noticed a tentacled monstrosity
 10832 | D        | Killed a tentacled monstrosity
 11052 | D        | Got the amulet "Lurimmeu" {Acrobat Int+4}
 11054 | D        | Got the ring "Atutouroic" {Contam rElec rPois rCorr SInv}
 11056 | D        | Got the amulet "Oriutsom" {Faith Will++ Regen+ Dex+2}
 11058 | D        | Got the ring "Cyucef" {+Blink rN+ rCorr Str-2 Int+6}
 11060 | D        | Noticed Doecyst the pandemonium lord
 11069 | D        | Received a gift from Trog
 11071 | D        | Killed Doecyst the pandemonium lord
 11116 | D        | Received a gift from Trog
 11124 | D        | Got the amulet "Laattocu" {rPois Regen+}
 11126 | D        | Got the ring of Iryomudi {Ice Fly Will+ rCorr Int+2}
 11128 | D        | Got the ring "Yletav" {rC+ rN++ Str-3 Int-3 Dex+9}
 11130 | D        | Got the ring of Saavuut {Fly rN+ Will+ MP-9 Dex+2}
 11243 | D        | Noticed Frances
 11248 | D        | Received a gift from Trog
 11260 | D        | Killed Frances
 11260 | D        | Received a gift from Trog
 11398 | D        | Noticed a profane servitor
 11405 | D        | Received a gift from Trog
 11412 | D        | Killed a profane servitor
 11413 | D        | Reached skill level 5 in Throwing
 11418 | D        | Received a gift from Trog
 11433 | D        | Received a gift from Trog
 11444 | D        | Received a gift from Trog
 11453 | D        | Reached skill level 27 in Evocations
 11479 | D        | Received a gift from Trog
 11564 | D        | Noticed a golden dragon
 11564 | D        | Received a gift from Trog
 11566 | D        | Noticed a lich
 11566 | D        | Noticed an ancient lich
 11575 | D        | Killed an ancient lich
 11575 | D        | Identified the +4 broad axe "Yquwad" {antimagic, rC+ rN+
                  | rCorr} (Trog gifted it to you in the Dungeon)
 11575 | D        | Received a gift from Trog
 11576 | D        | Reached skill level 10 in Stealth
 11576 | D        | Reached XP level 19. HP: 227/227 MP: 18/18
 11577 | D        | Received a gift from Trog
 11584 | D        | Reached skill level 10 in Throwing
 11585 | D        | Received a gift from Trog
 11588 | D        | Killed a golden dragon
 11588 | D        | Received a gift from Trog
 11597 | D        | Received a gift from Trog
 11631 | D        | Received a gift from Trog
 11632 | D        | Reached skill level 15 in Long Blades
 11632 | D        | Reached skill level 15 in Maces & Flails
 11675 | D        | Noticed Xtahua
 11684 | D        | Killed Xtahua
 11819 | D        | Found the +2 hat of the Bear Spirit {Spirit, +Rage rN+
                  | Will++}
 11819 | D        | Found the +3 giant club "Skullcrusher" {speed, Str+7}
 11819 | D        | Identified the +4 scythe of Death {spect, rElec rF++ MP+9
                  | Int-2}
 11824 | D        | Identified the +3 ring mail "Sutsuder" {rN+ Str+3 Dex+3}
 11830 | D        | Received a gift from Trog
 11840 | D        | Received a gift from Trog
 11846 | D        | Received a gift from Trog
 11850 | D        | Received a gift from Trog
 11851 | D        | Reached skill level 15 in Stealth
 11855 | D        | Reached skill level 15 in Throwing
 11867 | D        | Received a gift from Trog
 11877 | D        | Received a gift from Trog
 11901 | D        | Received a gift from Trog
 11908 | D        | Identified the +5 quarterstaff "Feanuf" {vorpal, rPois
                  | Will+} (Trog gifted it to you in the Dungeon)
 11908 | D        | Received a gift from Trog
 11913 | D        | Identified the +9 mace of Misery {vorpal, rF+ rC+} (Trog
                  | gifted it to you in the Dungeon)
 11913 | D        | Received a gift from Trog
 11918 | D        | Received a gift from Trog
 12013 | D        | Got a silver rune of Zot
 12281 | D        | Noticed a bone dragon
 12281 | D        | Noticed a bone dragon
 12281 | D        | Noticed a bone dragon
 12282 | D        | Noticed a bone dragon
 12282 | D        | Received a gift from Trog
 12282 | D        | Received a gift from Trog
 12286 | D        | Received a gift from Trog
 12290 | D        | Received a gift from Trog
 12290 | D        | Noticed an ancient lich
 12291 | D        | Killed a bone dragon
 12292 | D        | Reached XP level 20. HP: 211/237 MP: 17/19
 12293 | D        | Identified the +12 flail "Qesues" {vorpal, Str+4 Stlth+}
                  | (Trog gifted it to you in the Dungeon)
 12293 | D        | Received a gift from Trog
 12294 | D        | Killed a bone dragon
 12296 | D        | Noticed an ancient lich
 12298 | D        | Killed a bone dragon
 12299 | D        | Received a gift from Trog
 12300 | D        | Killed a bone dragon
 12301 | D        | Noticed a bone dragon
 12302 | D        | Killed an ancient lich
 12303 | D        | Killed an ancient lich
 12303 | D        | Received a gift from Trog
 12305 | D        | Identified the amulet "Imahahu" {RegenMP Str+6 SInv}
 12305 | D        | Noticed a royal mummy
 12320 | D        | Identified the +11 falchion of Minotaur's Doom {vorpal, rF+
                  | Dex+4 SInv} (Trog gifted it to you in the Dungeon)
 12320 | D        | Received a gift from Trog
 12322 | D        | Killed a bone dragon
 12322 | D        | Received a gift from Trog
 12331 | D        | Killed a royal mummy
 12336 | D        | Received a gift from Trog
 12385 | D        | Noticed a bone dragon
 12386 | D        | Received a gift from Trog
 12388 | D        | Identified the +3 leather armour of Exkud Xonayk {+Inv}
 12388 | D        | Noticed a royal mummy
 12394 | D        | Received a gift from Trog
 12397 | D        | Received a gift from Trog
 12398 | D        | Killed a bone dragon
 12405 | D        | Killed a royal mummy
 12515 | D        | Received a gift from Trog
 12602 | D        | Got a golden rune of Zot
 12748 | D        | Noticed a curse toe
 12750 | D        | Noticed a Killer Klown
 12758 | D        | Received a gift from Trog
 12759 | D        | Noticed a curse toe
 12766 | D        | Killed a Killer Klown
 12766 | D        | Killed a curse toe
 12767 | D        | Killed a curse toe
 12767 | D        | Received a gift from Trog
 12949 | D        | Noticed a profane servitor
 12952 | D        | Noticed an ancient lich
 12953 | D        | Noticed a golden dragon
 12955 | D        | Noticed Jory
 12958 | D        | Reached XP level 21. HP: 246/246 MP: 16/20
 12960 | D        | Noticed a curse toe
 12962 | D        | Identified the +9 broad axe of Gufueses {flame, Dex+4}
                  | (Trog gifted it to you in the Dungeon)
 12962 | D        | Received a gift from Trog
 12967 | D        | Killed a golden dragon
 12969 | D        | Killed a profane servitor
 12970 | D        | Reached skill level 27 in Long Blades
 12970 | D        | Reached skill level 27 in Maces & Flails
 12971 | D        | Received a gift from Trog
 12973 | D        | Killed Jory
 12973 | D        | Received a gift from Trog
 12973 | D        | Killed an ancient lich
 12977 | D        | Received a gift from Trog
 13007 | D        | Killed a curse toe
 13233 | D        | Received a gift from Trog
 13244 | D        | Noticed Nikola
 13253 | D        | Killed Nikola
 13253 | D        | Received a gift from Trog
 13256 | D        | Noticed Ignacio
 13272 | D        | Killed Ignacio
 13273 | D        | Reached skill level 27 in Throwing
 13349 | D        | Noticed a golden dragon
 13363 | D        | Killed a golden dragon
 13363 | D        | Received a gift from Trog
 13484 | D        | Reached skill level 27 in Stealth
 13505 | D        | Noticed an ancient lich
 13514 | D        | Killed an ancient lich
 13520 | D        | Noticed Ihioq the pandemonium lord
 13521 | D        | Noticed an ancient lich
 13521 | D        | Noticed Antaeus
 13521 | D        | Noticed Frederick
 13522 | D        | Noticed Oloala the pandemonium lord
 13527 | D        | Found the +7 sceptre of Asmodeus
 13527 | D        | Noticed Asmodeus
 13532 | D        | Received a gift from Trog
 13533 | D        | Reached skill level 10 in Polearms
 13533 | D        | Reached skill level 10 in Staves
 13535 | D        | Reached skill level 10 in Slings
 13535 | D        | Reached skill level 10 in Unarmed Combat
 13535 | D        | Killed Ihioq the pandemonium lord
 13540 | D        | Killed Oloala the pandemonium lord
 13540 | D        | Killed an ancient lich
 13540 | D        | Received a gift from Trog
 13541 | D        | Reached XP level 22. HP: 187/256 MP: 8/21
 13550 | D        | Killed Frederick
 13551 | D        | Reached skill level 15 in Polearms
 13551 | D        | Reached skill level 15 in Staves
 13552 | D        | Received a gift from Trog
 13565 | D        | Reached skill level 15 in Slings
 13565 | D        | Reached skill level 15 in Unarmed Combat
 13590 | D        | Received a gift from Trog
 13591 | D        | Killed Antaeus
 13726 | D        | Killed Asmodeus
 13726 | D        | Received a gift from Trog
 13847 | D        | Received a gift from Trog
 13885 | D        | Got the Orb of Zot
 13887 | D        | Noticed Ama Vee the pandemonium lord
 13896 | D        | Killed Ama Vee the pandemonium lord
 13896 | D        | Received a gift from Trog
 14039 | D        | Received a gift from Trog
 14177 | D        | Received a gift from Trog
 14205 | D        | Noticed a seraph
 14217 | D        | Killed a seraph
 14237 | D        | Received a gift from Trog
 14304 | D        | Escaped with the Orb!

Illustrated notes

Levels and vault maps discovered:
D:        pitsprint [storerooms_1, entrance_room_1, metal_vault_3, armoury_1,
          mini_pit_1, grid_room_1, main_hall_1, silver_pit, the_coven_2,
          the_vestibule_1, steel_vault_5, golden_pit, hallway_of_sentries,
          crystal_vault_6, iron_vault_3, final_vault]

Skill      XL: |  1  2  3  4  5  6  7  8  9 10 11 12 13 14 15 16 17 18 19 20 21 22 |
---------------+-------------------------------------------------------------------+-----
Armour         | 6 10 11 12 14 15 16 18 19 20 22 26 27 | 27.0
Axes           | 4 8 10 12 14 17 19 21 24 25 27 | 27.0
Shields        | 6 9 10 11 13 14 15 17 18 23 26 27 | 27.0
Fighting       | 5 9 10 11 12 14 16 19 22 24 26 27 | 27.0
Dodging        | 1 2 3 4 5 6 7 14 20 26 27 | 27.0
Stealth        | 3 6 7 10 17 22 27 | 27.0
Evocations     | 11 19 27 | 27.0
Long Blades    | 4 11 20 26 27 | 27.0
Maces & Flails | 4 11 20 26 27 | 27.0
Polearms       | 1 14 23 | 23.3
Throwing       | 2 9 17 22 27 | 27.0
Staves         | 14 23 | 23.2
Slings         | 13 21 | 21.7
Unarmed Combat | 13 21 | 21.7

Action                   |  1- 3 |  4- 6 |  7- 9 | 10-12 | 13-15 | 16-18 | 19-21 | 22-24 || total
-------------------------+-------+-------+-------+-------+-------+-------+-------+-------++-------
Melee: Hand axe          |    16 |    20 |    36 |       |       |       |       |       ||    72
       War axe           |     3 |       |    30 |    23 |       |       |       |       ||    56
       Headbutt          |     3 |     1 |    20 |    35 |    70 |   131 |   126 |    71 ||   457
       Broad axe         |       |       |       |   132 |   323 |   453 |   311 |   158 ||  1377
Invok: Berserk           |     1 |     1 |     5 |     9 |    18 |    16 |     7 |     2 ||    59
       Brothers in Arms  |       |       |       |     1 |     6 |     4 |     8 |     3 ||    22
       Trog's Hand       |       |       |       |       |     2 |       |     5 |       ||     7
Evoke: Condenser vane    |       |       |       |       |       |       |     4 |     1 ||     5
       Horn of Geryon    |       |       |       |       |       |       |     1 |       ||     1
       Wand              |       |       |       |       |       |       |     5 |       ||     5
  Use: Potion            |     1 |       |       |       |     9 |     2 |    10 |     7 ||    29
       Scroll            |       |       |       |       |     3 |     1 |    17 |     3 ||    24
 Stab: Invisible         |       |       |       |       |     5 |       |       |       ||     5
Armor: Scale mail        |     7 |       |       |       |       |       |       |       ||     7
       Chain mail        |       |     7 |    19 |       |       |       |       |       ||    26
       Plate armour      |       |       |    27 |    53 |    16 |       |       |       ||    96
       Gold dragon scale |       |       |       |       |    71 |    93 |    94 |    35 ||   293
Dodge: Dodged            |     2 |     4 |    17 |    25 |    33 |   103 |   159 |    38 ||   381
Block: Kite shield       |    11 |    12 |    49 |    70 |    53 |       |       |       ||   195
       Reflection        |       |       |       |     1 |    11 |     5 |       |       ||    17
       Tower shield      |       |       |       |       |   230 |   486 |   475 |   175 ||  1366

Table legend: (Time is in decaauts) A = Elapsed time spent in this place. B = Non-inter-level travel time spent in this place. C = Inter-level travel time spent in this place. D = Time resting spent in this place. E = Time spent auto-exploring this place. F = Levels seen in this place. G = Mean time per level. A B C D E F G +--------+--------+--------+--------+--------+-----+--------+ Total | 14355 | 14294 | 61 | 9334 | 89 | 1 | 14355.0 | Dungeon | 14355 | 14294 | 61 | 9334 | 89 | 1 | 14355.0 | +--------+--------+--------+--------+--------+-----+--------+

Top non-repeatable levels by time:
       D: 14355 daAuts
